 Dungeon Crawl Stone Soup version 0.27-a0-1324-ge0d8e047f6 (webtiles) character file.

Game seed: 14972532691184378208

14924 Lanoc the Frost Mage (level 11, -17/68 HPs)
             Began as a Demonspawn Ice Elementalist on June 23, 2021.
             Was a High Priest of Dithmenos.
             Demolished by a skeletal warrior (22 damage)
             ... on level 11 of the Dungeon.
             The game lasted 00:19:26 (12954 turns).

Lanoc the Frost Mage (Demonspawn Ice Elementalist) Turns: 12954, Time: 00:19:27

Health: -17/68     AC: 12    Str:  9    XL:     11   Next: 95%
Magic:  0/14       EV: 16    Int: 19    God:    Dithmenos [*****.]
Gold:   759        SH:  0    Dex: 20    Spells: 7/14 levels left

rFire    . . .     SeeInvis .   K - +1 spear (vorpal)
rCold    . . .     Faith    .   (no shield)
rNeg     . . .     Spirit   +   D - +3 ring mail of Lixtuonn {Dex+6 Stlth-}
rPois    .         Reflect  .   (no helmet)
rElec    .         Harm     .   (no cloak)
rCorr    .         Rampage  .   (no gloves)
Will     +....                  (no boots)
Stlth    +.........             u - amulet of magic regeneration
HPRegen  0.21/turn              w - ring of willpower
MPRegen  0.53/turn              H - +4 ring of protection

@: freezing walls, wreathed by umbra
A: talons 1, spiny 1, magic shield, magic regeneration
a: Renounce Religion, Shadow Step, Shadow Form


You were on level 11 of the Dungeon.
You worshipped Dithmenos.
Dithmenos was extremely pleased with you.
You visited 2 branches of the dungeon, and saw 13 of its levels.

You collected 857 gold pieces.
You spent 98 gold pieces at shops.

Inventory:

Hand Weapons
 K - a +1 vorpal spear (weapon)
Missiles
 J - a throwing net
 O - 5 curare-tipped darts
Armour
 a - a +0 robe
 v - the +8 plate armour of Unambiguity {rElec rC+++ Will++ Dex-3}
   (You found it on level 5 of the Dungeon)

   It affects your dexterity (-3).
   It renders you almost immune to cold.
   It insulates you from electricity.
   It greatly increases your willpower.
 D - the +3 ring mail of Lixtuonn (worn) {Dex+6 Stlth-}
   (You found it on level 7 of the Dungeon)

   It affects your dexterity (+6).
   It makes you less stealthy.
Jewellery
 u - an amulet of magic regeneration (around neck)
 w - a ring of willpower (left hand)
 H - a +4 ring of protection (right hand)
 I - an amulet of faith
Wands
 l - a wand of polymorph (5)
 o - a wand of acid (5)
 A - a wand of digging (11)
 G - a wand of iceblast (21)
Scrolls
 b - 2 scrolls of brand weapon {unknown}
 c - a scroll of magic mapping {unknown}
 d - a scroll of enchant weapon {unknown}
 f - 4 scrolls of torment {unknown}
 j - 2 scrolls of immolation {unknown}
 k - a scroll of summoning {unknown}
 n - 4 scrolls of fog {unknown}
 p - 4 scrolls of blinking {unknown}
 q - 4 scrolls of amnesia {unknown}
 s - 4 scrolls of silence {unknown}
 y - a scroll of acquirement {unknown}
 z - a scroll of noise {unknown}
 F - 6 scrolls of teleportation {unknown}
 L - a scroll of enchant armour
 N - a scroll of fear
Potions
 e - 2 potions of berserk rage {unknown}
 g - 5 potions of heal wounds
 h - a potion of haste
 i - 2 potions of ambrosia
 m - a potion of lignification
 r - 2 potions of magic {unknown}
 t - 2 potions of mutation {unknown}
 x - 5 potions of curing {unknown}
 B - 5 potions of attraction {unknown}
 C - a potion of degeneration {unknown}
 E - 2 potions of brilliance {unknown}
 M - a potion of might {unknown}


   Skills:
 + Level 10.5 Dodging
 - Level 1.7 Stealth
 - Level 2.0 Spellcasting
 * Level 14.4 Ice Magic


You had 7 spell levels left.
You knew the following spells:

 Your Spells              Type           Power      Damage    Failure   Level
a - Freeze                Ice            100%       1d11      1%          1
b - Frozen Ramparts       Ice            100%       1d12      1%          3
c - Ozocubu's Armour      Ice            54%        N/A       1%          3

Your spell library contained the following spells:

 Spells                   Type           Power      Damage    Failure   Level
 Ensorcelled Hibernation  Hex/Ice        58%        N/A       3%          2
 Hailstorm                Conj/Ice       29%        3d8       24%         4
 Animate Skeleton         Necr           2%         N/A       43%         1
 Corona                   Hex            1%         N/A       43%         1
 Magic Dart               Conj           4%         1d3       43%         1
 Pain                     Necr           4%         1d4       43%         1
 Searing Ray              Conj           2%         3d3       56%         2
 Metabolic Englaciation   Hex/Ice        14%        N/A       56%         5
 Confusing Touch          Hex            1%         N/A       80%         3
 Dazzling Flash           Conj/Hex       2%         N/A       80%         3
 Tukima's Dance           Hex            1%         N/A       80%         3
 Vampiric Draining        Necr           0%         2d6       80%         3
 Simulacrum               Ice/Necr       14%        N/A       98%         6
 Animate Dead             Necr           0%         N/A       99%         4
 Cause Fear               Hex            0%         N/A       99%         4
 Fulminant Prism          Conj/Hex       0%         3d6       99%         4
 Iskenderun's Mystic Bla  Conj/Tloc      1%         2d3       99%         4
 Agony                    Necr           1%         N/A       100%        5
 Blade Hands              Tmut           0%         N/A       100%        5
 Borgnjor's Vile Clutch   Necr/Erth      0%         N/A       100%        5
 Irradiate                Conj/Tmut      0%         3d13      100%        5
 Silence                  Hex/Air        0%         N/A       100%        5
 Yara's Violent Unravell  Hex/Tmut       0%         3d3       100%        5
 Death Channel            Necr           0%         N/A       100%        6
 Statue Form              Tmut/Erth      0%         N/A       100%        6
 Dragon Form              Tmut           0%         N/A       100%        7
 Storm Form               Tmut/Air       0%         N/A       100%        7
 Discord                  Hex            0%         N/A       100%        8


Dungeon Overview and Level Annotations

Branches:
Dungeon (12/15)            Temple (1/1) D:6            Lair (0/6) D:10
    Orc (0/2) D:9

Altars:
Dithmenos
Hepliaklqana
Kikubaaqudgha
Nemelex Xobeh
Okawaru
Trog
Uskayaw
Vehumet
Wu Jian
Zin

Shops:
D:5 *   D:8 (

Annotations:
D:10 2 transporters, Megustar's ghost, novice GrBe


Innate Abilities, Weirdness & Mutations

You have sharp toenails.
You are partially covered in sharp spines.
When hurt, damage is shared between your health and your magic reserves.
You regenerate magic rapidly.


Message History

The skeletal warrior resists.
The wall freezes the skeletal warrior.
The skeletal warrior is struck by your spines.
The skeletal warrior hits you but does no damage.
Your ring mail of Lixtuonn prevents you from hitting the skeletal warrior.
The skeletal warrior is lightly damaged.
Your shadow closely misses the skeletal warrior.
The skeletal warrior resists.
The wall freezes the skeletal warrior.
The skeletal warrior hits you with a +0 great sword!!
You hit the skeletal warrior but do no damage.
You claw the skeletal warrior, but do no damage.
The skeletal warrior is lightly damaged.
The skeletal warrior resists.
The wall freezes the skeletal warrior.
The skeletal warrior closely misses you.
You hit the skeletal warrior. Your kick misses the skeletal warrior.
The skeletal warrior is moderately damaged.
The skeletal warrior resists.
The wall freezes the skeletal warrior.
The skeletal warrior is struck by your spines.
The skeletal warrior barely misses you.
You hit the skeletal warrior but do no damage.
Your kick misses the skeletal warrior.
The skeletal warrior is moderately damaged.
The skeletal warrior resists.
The wall freezes the skeletal warrior.
The skeletal warrior hits you with a +0 great sword.
* * * LOW HITPOINT WARNING * * *
You barely miss the skeletal warrior. Your kick misses the skeletal warrior.
The skeletal warrior is moderately damaged.
The skeletal warrior resists.
The wall freezes the skeletal warrior.
The skeletal warrior misses you.
You barely miss the skeletal warrior. Your kick misses the skeletal warrior.
The skeletal warrior is heavily damaged.
Your shadow completely misses the skeletal warrior.
The skeletal warrior resists.
The wall freezes the skeletal warrior.
The skeletal warrior is struck by your spines.
The skeletal warrior hits you with a +0 great sword!!
* * * LOW HITPOINT WARNING * * *
You hit the skeletal warrior but do no damage.
The skeletal warrior is heavily damaged.
The skeletal warrior resists.
The wall freezes the skeletal warrior.
The skeletal warrior hits you with a +0 great sword!!
You die...

#.........'.##...........##..##.
#.........####...........###..'.
#.........# #....)......# ####.
#.........# ##'########## #.
##'######## #..### #. #..#
##...# ## ##.## ###'#########
#..# ###.(รท.......# #
####'##########@z.^......(.# #
#........##.....#..........# ###
#........#..#####........<.###.'
#........'.## #..........'...#
#........### #..........#####
#........# #......[...# #
#####'#### ######(##### # #.#
#.# ##.# ##.#


You could see a skeletal warrior.

Vanquished Creatures
  4 two-headed ogres
  Sonja (D:11)
  Pikel (D:6)
  A manticore (D:11)
  3 cyclopes
  Joseph (D:8)
  A gargoyle (D:6)
  An unseen horror (D:11)
  A tengu conjurer (D:11)
  2 trolls (D:11)
  A hornet (D:10)
  2 wraiths
  A wyvern (D:10)
  17 yaks (D:10)
  A vampire (D:11)
  Grum (D:9)
  3 wargs (D:10)
  3 vampire mosquitoes (D:9)
  An acid dragon (D:9)
  2 water moccasins
  7 orc warriors
  A necrophage (D:7)
  4 wolves (D:9)
  An ogre (D:6)
  3 centaurs
  A phantom (D:6)
  A lemure (D:6)
  Blork the orc (D:6)
  3 bullfrogs
  3 gnoll sergeants
  10 scorpions
  4 wights (D:7)
  5 killer bees (D:8)
  A bullfrog zombie (D:6)
  3 centaur zombies
  2 hounds
  5 orc priests
  2 jellies
  3 iguanas
  6 orc wizards
  2 hound skeletons (D:4)
  A mummy (D:6)
  11 gnolls
  A howler monkey skeleton (D:6)
  9 adders
  An ufetubus (D:6)
  An adder skeleton (D:4)
  5 worms
  2 dart slugs
  28 orcs
  5 endoplasms
  4 giant cockroaches
  9 goblins
  9 hobgoblins
  9 jackals
  7 kobolds
  5 quokkas
  7 ball pythons
  12 bats
  2 frilled lizards (D:1)
  A hobgoblin zombie (D:6)
  3 kobold zombies (D:6)
  4 rats
252 creatures vanquished.

Vanquished Creatures (others)
  7 fungi (D:9)
  A plant (D:10)
8 creatures vanquished.

Grand Total: 260 creatures vanquished

Notes
Turn   | Place    | Note
-------+----------+-------------------------------------------
     0 | D:1      | Lanoc the Demonspawn Ice Elementalist began the quest for
                  | the Orb.
     0 | D:1      | Reached XP level 1. HP: 13/13 MP: 3/3
   421 | D:1      | Gained mutation: You regenerate magic rapidly. [demonic
                  | ancestry]
   421 | D:1      | Reached XP level 2. HP: 19/19 MP: 1/5
   484 | D:1      | Reached skill level 4 in Ice Magic
   948 | D:1      | Gained mutation: You are partially covered in sharp spines.
                  | [demonic ancestry]
   948 | D:1      | Reached XP level 3. HP: 24/24 MP: 4/6
  1517 | D:2      | Found a faded altar of an unknown god.
  1525 | D:2      | Became a worshipper of Dithmenos the Shadowed
  1525 | D:2      | Reached * piety under Dithmenos
  1697 | D:2      | Learned a level 3 spell: Frozen Ramparts
  1872 | D:2      | Reached XP level 4. HP: 30/30 MP: 3/7
  2176 | D:3      | Found a hazy altar of Hepliaklqana.
  2338 | D:3      | Reached ** piety under Dithmenos
  2617 | D:4      | Reached skill level 5 in Ice Magic
  2681 | D:4      | Found an iron altar of Okawaru.
  2761 | D:4      | Reached XP level 5. HP: 35/35 MP: 4/8
  3128 | D:4      | Reached XP level 6. HP: 41/41 MP: 4/9
  3237 | D:4      | Reached skill level 6 in Ice Magic
  3647 | D:5      | Entered Level 5 of the Dungeon
  3775 | D:5      | Reached *** piety under Dithmenos
  3781 | D:5      | Identified the +8 plate armour of Unambiguity {rElec rC+++
                  | Will++ Dex-3}
  3890 | D:5      | Reached XP level 7. HP: 29/46 MP: 8/10
  4080 | D:5      | Reached skill level 7 in Ice Magic
  4519 | D:5      | Found Barateal's Assorted Antiques.
  4527 | D:5      | Bought a scroll labelled NIEXKEIRIBB for 17 gold pieces
  4527 | D:5      | Bought a red potion for 15 gold pieces
  4527 | D:5      | Bought a scroll labelled JOLOIXZERI for 17 gold pieces
  4527 | D:5      | Bought a metallic ruby potion for 15 gold pieces
  4527 | D:5      | Bought a scroll labelled EMUVAQ YHOPS for 17 gold pieces
  4527 | D:5      | Bought a scroll labelled YBRYPU ZED COD for 17 gold pieces
  4649 | D:5      | Found a bloodstained altar of Trog.
  4650 | D:5      | Found a sparkling altar of Nemelex Xobeh.
  4651 | D:5      | Found a shadowy altar of Dithmenos.
  4843 | D:6      | You fall into a shaft and drop 3 floors!
  5198 | D:9      | Found an ancient bone altar of Kikubaaqudgha.
  5274 | D:9      | Noticed a wraith
  5283 | D:9      | Killed a wraith
  5284 | D:9      | Reached skill level 5 in Dodging
  5489 | D:8      | Gained mutation: When hurt, damage is shared between your
                  | health and your magic reserves. [demonic ancestry]
  5489 | D:8      | Reached XP level 8. HP: 48/52 MP: 11/11
  5492 | D:8      | Reached skill level 8 in Ice Magic
  5974 | D:7      | Noticed a cyclops
  5985 | D:7      | Killed a cyclops
  5986 | D:7      | Reached skill level 9 in Ice Magic
  6491 | D:7      | Reached XP level 9. HP: 46/57 MP: 10/12
  6815 | D:7      | Identified the +3 ring mail of Lixtuonn {Dex+6 Stlth-}
  7079 | D:7      | Learned a level 3 spell: Ozocubu's Armour
  7165 | D:6      | Noticed Blork the orc
  7168 | D:6      | Found an ornate altar of the Wu Jian Council.
  7200 | D:6      | Noticed Pikel
  7207 | D:6      | Killed Pikel
  7208 | D:6      | Reached skill level 10 in Ice Magic
  7254 | D:6      | Killed Blork the orc
  7438 | D:6      | Identified the +1 scale mail of Dishonour {rElec rF+}
  7448 | D:6      | Found a staircase to the Ecumenical Temple.
  7474 | D:6      | Noticed a gargoyle
  7487 | D:6      | Killed a gargoyle
  7500 | Temple   | Entered the Ecumenical Temple
  7934 | D:8      | Found a radiant altar of Vehumet.
  8101 | D:8      | Noticed Joseph
  8114 | D:8      | Killed Joseph
  8114 | D:8      | Reached **** piety under Dithmenos
  8115 | D:8      | Reached skill level 11 in Ice Magic
  8205 | D:8      | Found Rumeprog's Antique Weapon Shop.
  8621 | D:9      | Found a staircase to the Orcish Mines.
  8655 | D:9      | Reached XP level 10. HP: 38/63 MP: 7/13
  9300 | D:9      | Noticed Grum
  9306 | D:9      | Reached skill level 12 in Ice Magic
  9312 | D:9      | Killed Grum
  9934 | D:10     | Entered Level 10 of the Dungeon
 10019 | D:10     | Found a transporter.
 10025 | D:10     | Noticed Megustar's ghost (novice GrBe)
 10038 | D:10     | Found a transporter.
 10086 | D:10     | Found a staircase to the Lair.
 10090 | D:10     | Noticed a two-headed ogre
 10106 | D:10     | Killed a two-headed ogre
 10107 | D:10     | Gained mutation: You have sharp toenails. [demonic
                  | ancestry]
 10107 | D:10     | Reached XP level 11. HP: 6/68 MP: 1/14
 10107 | D:10     | Reached ***** piety under Dithmenos
 10393 | D:10     | Noticed a two-headed ogre
 10393 | D:10     | Noticed a two-headed ogre
 10402 | D:10     | Killed a two-headed ogre
 10403 | D:10     | Reached skill level 13 in Ice Magic
 10407 | D:10     | Killed a two-headed ogre
 11329 | D:11     | Reached skill level 10 in Dodging
 12019 | D:11     | Reached skill level 14 in Ice Magic
 12129 | D:11     | Noticed Sonja
 12141 | D:11     | Killed Sonja
 12518 | D:11     | Identified the +2 ring mail of Good Intentions {Regen+}
 12760 | D:11     | Noticed a two-headed ogre
 12767 | D:11     | Killed a two-headed ogre
 12922 | D:12     | Noticed a skeletal warrior
 12923 | D:12     | Noticed a skeletal warrior
 12923 | D:12     | Noticed a skeletal warrior
 12931 | D:12     | Noticed a skeletal warrior
 12954 | D:11     | Demolished by a skeletal warrior

Illustrated notes

Levels and vault maps discovered:
D:1:      minmay_arrival_loop, layout_loops_corners
D:2:      layout_basic, chequers_ecumenical_altar_simple_redux
D:3:      layout_rooms, nzn_hepliaklqana_mist_gate
D:4:      layout_basic, okawaru_trees_1
D:5:      corexii_shack_village, layout_loops_cross, zin_statuary,
          gammafunk_temple_overflow_claw, serial_shops, nicolae_stop_n_shop_1
D:6:      layout_rooms, nicolae_overflow_hidden_temple,
          minmay_temple_entry_junction_2, minmay_mini_ossuary,
          uniq_blork_the_orc, uniq_pikel
D:7:      layout_basic
D:8:      layout_rooms, lemuel_round_altar, serial_shops, shop, uniq_joseph
D:9:      old_forge, layout_loops_corners, lemuel_doored_altar,
          david_orc_1_choice, hangedman_decor_clover_reticule, uniq_grum
D:10:     layout_roguey, erik_lair_orcish_takeover, gammafunk_ghost_stat_death,
          mrwooster_statue_mirror
D:11:     layout_roguey, uniq_sonja
D:12:     layout_rooms, serial_shops, shop, nrook_guardian_serpent_double,
          uniq_josephine
Temple:   dshaligram_water_room_temple

Skill      XL: |  1  2  3  4  5  6  7  8  9 10 11 |
---------------+----------------------------------+-----
Dodging        | 2 3 4 5 6 7 9 10 | 10.5
Ice Magic      | 4 5 6 7 9 11 12 14 | 14.4
Stealth        | |  1.7
Spellcasting   | |  2.0

Action                   |  1- 3 |  4- 6 |  7- 9 | 10-12 || total
-------------------------+-------+-------+-------+-------++-------
Melee: Unarmed           |    31 |    66 |   129 |       ||   226
       Spear             |       |       |     5 |   203 ||   208
       Kick              |       |       |       |    33 ||    33
 Cast: Freeze            |    62 |    31 |    29 |     1 ||   123
       Frozen Ramparts   |       |    23 |    36 |    37 ||    96
Evoke: Wand              |       |       |     2 |       ||     2
  Use: Potion            |       |       |     2 |     2 ||     4
       Scroll            |       |       |       |     7 ||     7
 Stab: Sleeping          |     1 |     2 |     1 |       ||     4
Armor: Robe              |    19 |     7 |     9 |       ||    35
       Ring mail         |       |       |    31 |    49 ||    80
Dodge: Dodged            |    53 |    57 |   163 |   200 ||   473

Table legend: (Time is in decaauts)
 A = Elapsed time spent in this place.
 B = Non-inter-level travel time spent in this place.
 C = Inter-level travel time spent in this place.
 D = Time resting spent in this place.
 E = Time spent auto-exploring this place.
 F = Levels seen in this place.
 G = Mean time per level.
                   A        B        C        D        E       F      G
               +--------+--------+--------+--------+--------+-----+--------+
         Total |  12995 |  12449 |    546 |      5 |  10770 |  13 |  999.6 |
       Dungeon |  12994 |  12448 |    546 |      5 |  10770 |  12 | 1082.8 |
        Temple |      1 |      1 |      0 |      0 |      0 |   1 |    1.0 |
               +--------+--------+--------+--------+--------+-----+--------+

Top non-repeatable levels by time:
     D:9: 2038 daAuts
    D:11: 1766 daAuts
     D:7: 1424 daAuts
     D:1: 1298 daAuts
    D:10: 1229 daAuts
     D:4: 1110 daAuts
     D:5: 1032 daAuts
     D:8: 970 daAuts
     D:6: 845 daAuts
     D:2: 838 daAuts
     D:3: 399 daAuts
    D:12: 39 daAuts
  Temple: 1 daAuts
